 Dungeon Crawl Stone Soup version 0.28-a0-401-ge240ad9e29 (webtiles) character file.

Game seed: 8667979118707918865

2182 Demosthentine the Spear-Bearer (level 9, -8/71 HPs)
             Began as a Merfolk Gladiator on Sept 5, 2021.
             Was an Initiate of the Shining One.
             Mangled by Joseph (13 damage)
             ... on level 7 of the Dungeon.
             The game lasted 00:05:41 (8678 turns).

Demosthentine the Spear-Bearer (Merfolk Gladiator)  Turns: 8678, Time: 00:05:42

Health: -8/71      AC:  6    Str: 16    XL:     9   Next: 33%
Magic:  9/9        EV: 16    Int:  7    God:    the Shining One [......]
Gold:   221        SH:  0    Dex: 17    Spells: 8/8 levels left

rFire   . . .      SeeInvis +   a - +1 trident
rCold   + . .      Faith    .   (no shield)
rNeg    + . .      Spirit   .   j - +1 leather armour {rC+}
rPois   .          Reflect  .   c - +1 helmet
rElec   .          Harm     .   (no cloak)
rCorr   .          Rampage  .   (no gloves)
Will    .....                   (no boots)
Stlth   +.........              (no amulet)
HPRegen 0.21/turn               i - ring of see invisible
MPRegen 0.11/turn               d - ring of positive energy

@: glowing
A: (nimble swimmer 2), mertail
a: Renounce Religion


You were on level 7 of the Dungeon.
You worshipped the Shining One.
The Shining One was noncommittal.
You visited 2 branches of the dungeon, and saw 8 of its levels.

You collected 221 gold pieces.

Inventory:

Hand Weapons
 a - a +1 trident (weapon)
Armour
 c - a +1 helmet (worn)
 j - a +1 leather armour of cold resistance (worn)
 k - a +0 buckler
Jewellery
 d - a ring of positive energy (right hand)
 i - a ring of see invisible (left hand)
 n - a ring of flight
Wands
 h - a wand of flame (39)
 m - a wand of iceblast (7)
Scrolls
 b - 2 scrolls of vulnerability
 f - 4 scrolls of enchant weapon
 l - a scroll of blinking {unknown}
 o - a scroll of amnesia {unknown}
Potions
 e - a potion of magic
 g - a potion of brilliance


   Skills:
 + Level 6.9 Fighting
 + Level 9.7 Polearms
 - Level 2.0 Throwing
 + Level 4.3 Armour
 + Level 8.8 Dodging
 + Level 0.9 Shields


You had 8 spell levels left.
You didn't know any spells.
Your spell library contained the following spells:

 Spells                   Type           Power      Damage    Failure   Level
 Magic Dart               Conj           0%         1d3       50%         1
 Searing Ray              Conj           0%         3d3       63%         2
 Static Discharge         Conj/Air       0%         N/A       63%         2
 Dispel Undead            Necr           0%         3d6       99%         4
 Fulminant Prism          Conj/Hex       0%         3d6       99%         4
 Sticky Flame             Conj/Fire      0%         2d3       99%         4


Dungeon Overview and Level Annotations

Branches:
Dungeon (7/15)             Temple (1/1) D:5

Altars:
Ashenzari
Cheibriados
Dithmenos
Elyvilon
Fedhas
Gozag
Hepliaklqana
Kikubaaqudgha
Makhleb
Nemelex Xobeh
Okawaru
Qazlal
Ru
Sif Muna
Trog
Uskayaw
Vehumet
Wu Jian
Yredelemnul
The Shining One

Annotations:
D:7 Joseph


Innate Abilities, Weirdness & Mutations

((You are quick and stealthy near water. (Stealth+, EV+, Speed+++)))
Your lower body shifts to a powerful aquatic tail in water.


Message History

Unknown command.
The scorpion closely misses you.
Unknown command.
Unknown command.
Okay, then.
You hit the scorpion but do no damage. The scorpion barely misses you.
You puncture the scorpion!
The scorpion is heavily wounded.
The scorpion misses you.
You hit the scorpion but do no damage.
The scorpion is heavily wounded.
The scorpion misses you.
You puncture the scorpion!
You kill the scorpion!
You barely miss Joseph.
Joseph unwields a +3 hunting sling of flaming.
It stops flaming.
Joseph wields a +0 quarterstaff.
Joseph closely misses you.
You hit Joseph.
Joseph is lightly wounded.
Joseph completely misses you.
You puncture Joseph!
Joseph is moderately wounded.
Joseph barely misses you.
You puncture Joseph!
Joseph is heavily wounded.
Your leather armour prevents you from hitting Joseph.
Joseph is heavily wounded.
Joseph barely misses you.
You hit Joseph.
Joseph is heavily wounded.
Joseph hits you with a +0 quarterstaff!
* * * LOW HITPOINT WARNING * * *
You barely miss Joseph.
Joseph is heavily wounded.
Joseph hits you with a +0 quarterstaff.
* * * LOW HITPOINT WARNING * * *
You puncture Joseph!
Joseph is heavily wounded.
Joseph hits you with a +0 quarterstaff!
You die...

#.##......##
#........##
#.......##
##......#
#..o.o##
#..o.##
###..Wo#
##...o@##
###...###@#
###...###
##.#
##...### #..
# ###...##
#..#
###...###
#..# #...###
#..# ..###
#.. .## ##
##


You could see Joseph, a phantom, an orc wizard (invisible) and 2 orcs.

Vanquished Creatures
  A troll (D:6)
  Menkaure (D:6)
  Edmund (D:4)
  A water moccasin (D:6)
  Purgy (D:4)
  An orc warrior (D:6)
  A sky beast (D:5)
  A black bear (D:6)
  A phantom (D:5)
  A water moccasin zombie (D:5)
  5 scorpions
  A water moccasin skeleton (D:6)
  2 howler monkeys (D:7)
  A centaur skeleton (D:5)
  2 hounds
  A jelly (D:4)
  2 iguanas
  A scorpion zombie (D:5)
  5 orc wizards
  A killer bee zombie (D:5)
  Robin (D:4)
  10 gnolls
  9 adders
  A white imp (D:4)
  An ufetubus (D:4)
  An adder skeleton (D:4)
  2 worms (D:2)
  6 dart slugs
  19 orcs
  4 bats
  6 endoplasms
  5 giant cockroaches
  20 goblins
  9 hobgoblins
  3 jackals (D:3)
  6 kobolds
  4 quokkas
  9 ball pythons
  5 frilled lizards
  8 rats
160 creatures vanquished.

Notes
Turn   | Place    | Note
-------+----------+-------------------------------------------
     0 | D:1      | Demosthentine the Merfolk Gladiator began the quest for the
                  | Orb.
     0 | D:1      | Reached XP level 1. HP: 16/16 MP: 1/1
   149 | D:1      | Reached XP level 2. HP: 23/23 MP: 2/2
   626 | D:1      | Reached XP level 3. HP: 28/28 MP: 3/3
  1346 | D:2      | Reached skill level 5 in Polearms
  1388 | D:2      | Reached skill level 1 in Armour
  1626 | D:2      | Reached XP level 4. HP: 35/35 MP: 4/4
  1925 | D:2      | Found a faded altar of an unknown god.
  2501 | D:3      | Reached skill level 5 in Dodging
  2707 | D:3      | Reached XP level 5. HP: 41/41 MP: 5/5
  2785 | D:4      | Noticed Robin
  2998 | D:4      | Killed Robin
  3649 | D:4      | Noticed Purgy
  3649 | D:4      | Noticed Edmund
  3674 | D:4      | Killed Purgy
  3675 | D:4      | Reached skill level 6 in Polearms
  3675 | D:4      | Reached XP level 6. HP: 48/48 MP: 6/6
  3695 | D:4      | Killed Edmund
  3915 | D:4      | Reached XP level 7. HP: 50/55 MP: 7/7
  4231 | D:4      | Reached skill level 7 in Polearms
  4992 | D:4      | Found a radiant altar of Vehumet.
  4996 | D:4      | Found a glowing golden altar of the Shining One.
  4998 | D:4      | Found an ancient bone altar of Kikubaaqudgha.
  4998 | D:4      | Found a broken altar of Ashenzari.
  4998 | D:4      | Found a shimmering blue altar of Sif Muna.
  5000 | D:4      | Found an opulent altar of Gozag.
  5001 | D:4      | Found a bloodstained altar of Trog.
  5002 | D:4      | Found a shadowy altar of Dithmenos.
  5012 | D:4      | Became a worshipper of the Shining One
  5140 | D:5      | Entered Level 5 of the Dungeon
  5433 | D:5      | Reached skill level 5 in Fighting
  5610 | D:5      | Reached XP level 8. HP: 54/62 MP: 8/8
  5868 | D:5      | Found a staircase to the Ecumenical Temple.
  5928 | Temple   | Entered the Ecumenical Temple
  6510 | D:5      | Reached skill level 8 in Polearms
  7050 | D:6      | Noticed a troll
  7070 | D:6      | Killed a troll
  7637 | D:6      | Reached skill level 9 in Polearms
  7690 | D:6      | Reached XP level 9. HP: 56/71 MP: 9/9
  7790 | D:6      | Noticed Menkaure
  7797 | D:6      | Killed Menkaure
  8658 | D:7      | Noticed Joseph
  8678 | D:7      | Mangled by Joseph

Illustrated notes

Levels and vault maps discovered:
D:1:      erik_arrival_blinker_ship, layout_basic
D:2:      layout_loops_ring, shapermc_ecumenical_altar_notcrosses,
          hangedman_decor_riveting, st_stairs_12, serial_park_tiny_pond,
          minmay_bisected
D:3:      layout_loops_ring
D:4:      layout_gridville, minitemple, uniq_robin, uniq_purgy, uniq_edmund
D:5:      layout_loops_corners, temple_statues
D:6:      layout_cave_pools, uniq_menkaure
D:7:      layout_cave_pods, uniq_joseph
Temple:   hc_temple_tempest_star

Skill      XL: |  1  2  3  4  5  6  7  8 |
---------------+-------------------------+-----
Polearms       | 5 6 7 9 |  9.7
Armour         | 1 2 3 4 |  4.3
Fighting       | 3 4 5 6 |  6.9
Dodging        | 5 6 8 |  8.8
Throwing       | |  2.0
Shields        | |  0.9

Action                   |  1- 3 |  4- 6 |  7- 9 || total
-------------------------+-------+-------+-------++-------
Melee: Trident           |   120 |   177 |   386 ||   683
Throw: Throwing net      |       |     3 |       ||     3
  Use: Scroll            |     4 |       |     3 ||     7
       Potion            |       |     2 |     4 ||     6
 Stab: Sleeping          |     2 |     1 |     1 ||     4
       Held in net/web   |       |     1 |       ||     1
       Distracted        |       |     1 |       ||     1
Armor: Leather armour    |    22 |    28 |    57 ||   107
       Skin              |       |    29 |     9 ||    38
Dodge: Dodged            |    57 |    82 |   228 ||   367

Table legend: (Time is in decaauts)
 A = Elapsed time spent in this place.
 B = Non-inter-level travel time spent in this place.
 C = Inter-level travel time spent in this place.
 D = Time resting spent in this place.
 E = Time spent auto-exploring this place.
 F = Levels seen in this place.
 G = Mean time per level.
                   A        B        C        D        E       F      G
               +--------+--------+--------+--------+--------+-----+--------+
         Total |   8614 |   8373 |    241 |    481 |   6592 |   8 | 1076.8 |
       Dungeon |   8157 |   7917 |    240 |    481 |   6178 |   7 | 1165.3 |
        Temple |    457 |    457 |      0 |      0 |    414 |   1 |  457.0 |
               +--------+--------+--------+--------+--------+-----+--------+

Top non-repeatable levels by time:
     D:4: 1840 daAuts
     D:6: 1417 daAuts
     D:5: 1388 daAuts
     D:1: 1115 daAuts
     D:3: 1100 daAuts
     D:2: 1091 daAuts
  Temple: 457 daAuts
     D:7: 203 daAuts
